| TOP OF THE 1ST |
|
Texas Rangers batting - Pitching for Kansas City Royals : RHP Dan Petry
|
|
Pitching: RHP Dan Petry
|
|
|
Batting: LHB Lenny Dykstra
|
0-0: Ball 1-0: Ball 2-0: Fly out, F7 (Line Drive, 7, EV 86.3 MPH)
|
|
Batting: RHB Juan Rodriguez
|
0-0: Ball 1-0: Foul Ball, location: 2F 1-1: Ground out 3-1 (Groundball, 34, EV 103.1 MPH)
|
|
Batting: LHB Jody Helser
|
0-0: Ball 1-0: Foul Ball, location: 2F 1-1: Ground out 4-3 (Groundball, 4, EV 84.4 MPH)
|
| Top of the 1st over - 0 runs, 0 hits, 0 errors, 0 left on base; Texas 0 - Kansas City 0 |
| BOTTOM OF THE 1ST |
|
Kansas City Royals batting - Pitching for Texas Rangers : RHP Tim Leary
|
|
Pitching: RHP Tim Leary
|
|
|
Batting: RHB Rickey Henderson
|
0-0: Foul Ball, location: 2F 0-1: Ball 1-1: Ball 2-1: Called Strike 2-2: Strikes out swinging
|
|
Batting: LHB Gene Richards
|
0-0: SINGLE (Groundball, 6S, EV 70.0 MPH) (infield hit)
|
|
Batting: RHB Jeffrey Leonard
|
0-0: Ball 1-0: Called Strike Gene Richards steals 2nd base 1-1: Fly out, F8 (Flyball, 8RXD, EV 96.9 MPH) Runner from 2nd tags up, SAFE at 3rd, no throw by CF
|
|
Batting: LHB Alvin Davis
|
0-0: Ball 1-0: Ball 2-0: Ball 3-0: Base on Balls
|
|
Batting: RHB Gary Carter
|
0-0: Called Strike 0-1: Called Strike 0-2: Ball 1-2: Foul Ball, location: 2F 1-2: Ball 2-2: Foul Ball, location: 2F 2-2: Fly out, F8 (Flyball, 89M, EV 75.6 MPH)
|
| Bottom of the 1st over - 0 runs, 1 hit, 0 errors, 2 left on base; Texas 0 - Kansas City 0 |
| TOP OF THE 2ND |
|
Texas Rangers batting - Pitching for Kansas City Royals : RHP Dan Petry
|
|
Batting: RHB Steve Garvey
|
0-0: Called Strike 0-1: Called Strike 0-2: SINGLE (Groundball, 56D, EV 111.9 MPH)
|
|
Pitching: RHP Bob Welch
|
|
|
Batting: RHB Steve Balboni
|
0-0: Ball 1-0: Ball 2-0: Foul Ball, location: 2F 2-1: Swinging Strike 2-2: Strikes out swinging
|
|
Batting: LHB Richie Hebner
|
0-0: Called Strike 0-1: Foul Ball, location: 2F 0-2: Ball 1-2: Ball 2-2: Foul Ball, location: 2F 2-2: Foul Ball, location: 2F 2-2: 2-RUN HOME RUN (Line Drive, 9D, EV 96.9 MPH), Distance : 399 ft
|
|
Batting: SHB Ron Roenicke
|
0-0: Called Strike 0-1: Swinging Strike 0-2: Foul Ball, location: 2F 0-2: Strikes out looking
|
|
Batting: LHB Ernie Whitt
|
0-0: Ground out 6-3 (Groundball, 6, EV 86.3 MPH)
|
| Top of the 2nd over - 2 runs, 2 hits, 0 errors, 0 left on base; Texas 2 - Kansas City 0 |
| BOTTOM OF THE 2ND |
|
Kansas City Royals batting - Pitching for Texas Rangers : RHP Tim Leary
|
|
Batting: RHB Alberto Gonzalez
|
0-0: Ground out 4-3 (Groundball, 34, EV 78.8 MPH)
|
|
Batting: RHB Bob Horner
|
0-0: Called Strike 0-1: Ball 1-1: Called Strike 1-2: Foul Ball, location: 2F 1-2: Foul Ball, location: 2F 1-2: Ball 2-2: Ground out 3-1 (Groundball, 34S, EV 91.3 MPH)
|
|
Batting: LHB Rick Manning
|
0-0: Called Strike 0-1: Swinging Strike 0-2: Ground out 4-3 (Groundball, 4S, EV 81.9 MPH)
|
| Bottom of the 2nd over - 0 runs, 0 hits, 0 errors, 0 left on base; Texas 2 - Kansas City 0 |
| TOP OF THE 3RD |
|
Texas Rangers batting - Pitching for Kansas City Royals : RHP Bob Welch
|
|
Batting: RHB Juan Samuel
|
0-0: Foul Ball, location: 2F 0-1: Called Strike 0-2: Ground out 1-3 (Groundball, P, EV 67.5 MPH)
|
|
Batting: LHB Lenny Dykstra
|
0-0: Foul Ball, location: 2F 0-1: Ball 1-1: Ball 2-1: Ground out 6-3 (Groundball, 6, EV 110.0 MPH)
|
|
Batting: RHB Juan Rodriguez
|
0-0: Called Strike 0-1: Ball 1-1: Foul Ball, location: 2F 1-2: Ball 2-2: Strikes out swinging
|
| Top of the 3rd over - 0 runs, 0 hits, 0 errors, 0 left on base; Texas 2 - Kansas City 0 |
| BOTTOM OF THE 3RD |
|
Kansas City Royals batting - Pitching for Texas Rangers : RHP Tim Leary
|
|
Batting: RHB Charlie O'Brien
|
0-0: Reached on error, E6 (Groundball, 6, EV 86.3 MPH)
|
|
Batting: RHB Rickey Henderson
|
0-0: Foul Ball, location: 2F 0-1: Ball 1-1: Ball 2-1: Ball 3-1: Called Strike 3-2: Ground out U3 (Groundball, 3, EV 84.4 MPH) Charlie O'Brien to third
|
|
Batting: LHB Gene Richards
|
0-0: Ball 1-0: Swinging Strike 1-1: Ground out 4-3 (Groundball, 4M, EV 86.3 MPH) Charlie O'Brien scores
|
|
Batting: RHB Jeffrey Leonard
|
0-0: Ball 1-0: Fly out, F7 (Flyball, 7, EV 80.0 MPH)
|
| Bottom of the 3rd over - 1 run, 0 hits, 1 error, 0 left on base; Texas 2 - Kansas City 1 |
| TOP OF THE 4TH |
|
Texas Rangers batting - Pitching for Kansas City Royals : RHP Bob Welch
|
|
Batting: LHB Jody Helser
|
0-0: Ball 1-0: Called Strike 1-1: Foul Ball, location: 2F 1-2: Ball 2-2: SINGLE (Line Drive, 7S, EV 95.0 MPH)
|
|
Batting: RHB Steve Garvey
|
0-0: SINGLE (Line Drive, 8LS, EV 94.4 MPH) Jody Helser to second Runner from 2nd tries for 3rd, SAFE, throw by CF made to third
|
|
Now in CF: Kerry Dineen
|
|
|
Batting: RHB Steve Balboni
|
0-0: Ball 1-0: Called Strike 1-1: Ball 2-1: DOUBLE (Flyball, 8RXD, EV 97.5 MPH) Jody Helser scores Steve Garvey to third
|
|
Batting: LHB Richie Hebner
|
0-0: Called Strike 0-1: Foul Ball, location: 2F 0-2: Ball 1-2: Fly out, F8 (Line Drive, 8RD, EV 90.6 MPH) Runner from 3rd tags up, SCORES, no throw by CF
|
|
Batting: SHB Ron Roenicke
|
0-0: Ball 1-0: Ball 2-0: Ball 3-0: Called Strike 3-1: Base on Balls
|
|
Batting: LHB Ernie Whitt
|
0-0: Called Strike 0-1: Grounds into double play, 4-6-3 (Groundball, 4, EV 86.9 MPH)
|
| Top of the 4th over - 2 runs, 3 hits, 0 errors, 1 left on base; Texas 4 - Kansas City 1 |
| BOTTOM OF THE 4TH |
|
Kansas City Royals batting - Pitching for Texas Rangers : RHP Tim Leary
|
|
Batting: LHB Alvin Davis
|
0-0: Called Strike 0-1: Ball 1-1: Ball 2-1: SINGLE (Flyball, 8RS, EV 98.8 MPH)
|
|
Batting: RHB Gary Carter
|
0-0: Foul Ball, location: 2F 0-1: Ball 1-1: Ball 2-1: Foul Ball, location: 2F 2-2: Single, Error in OF, E8, batter to second base (Groundball, 6MD, EV 103.1 MPH) Alvin Davis to third
|
|
Batting: RHB Alberto Gonzalez
|
0-0: Ball 1-0: Ball 2-0: Called Strike 2-1: Ball 3-1: Base on Balls
|
|
Batting: RHB Bob Horner
|
0-0: Called Strike 0-1: Ball 1-1: Swinging Strike 1-2: Grounds into double play, 5-4-3 (Groundball, 56, EV 91.9 MPH) Alvin Davis scores Gary Carter to third
|
|
Batting: LHB Rick Manning
|
0-0: Called Strike 0-1: Foul Ball, location: 2F 0-2: Foul Ball, location: 2F 0-2: Ball 1-2: Foul Ball, location: 2F 1-2: Foul Ball, location: 2F 1-2: Foul Ball, location: 2F 1-2: Ball 2-2: SINGLE (Line Drive, 56D, EV 97.5 MPH) Gary Carter scores
|
|
Batting: RHB Charlie O'Brien
|
0-0: Ball 1-0: Called Strike 1-1: SINGLE (Line Drive, 8RS, EV 108.8 MPH) Rick Manning to second Runner from 2nd tries for 3rd, SAFE, throw by CF made to third
|
|
Batting: LHB Kerry Dineen
|
0-0: Ball 1-0: Ground out 4-3 (Groundball, 4, EV 99.4 MPH)
|
| Bottom of the 4th over - 2 runs, 4 hits, 1 error, 2 left on base; Texas 4 - Kansas City 3 |
| TOP OF THE 5TH |
|
Texas Rangers batting - Pitching for Kansas City Royals : RHP Bob Welch
|
|
Batting: RHB Juan Samuel
|
0-0: Called Strike 0-1: Fly out, F9 (Flyball, 9, EV 90.6 MPH)
|
|
Batting: LHB Lenny Dykstra
|
0-0: Ball 1-0: Ball 2-0: Foul Ball, location: 2F 2-1: Ball 3-1: Base on Balls
|
|
Batting: RHB Juan Rodriguez
|
0-0: TRIPLE (Groundball, 3L, EV 103.8 MPH) Lenny Dykstra scores
|
|
Pitching: RHP Sandy Wihtol
|
|
|
Batting: LHB Jody Helser
|
0-0: Ball 1-0: Called Strike 1-1: Ball 2-1: SINGLE (Groundball, 4D, EV 98.8 MPH) Juan Rodriguez scores
|
|
Batting: RHB Steve Garvey
|
0-0: Ball 1-0: Called Strike 1-1: Grounds into double play, 6-4-3 (Groundball, 6, EV 107.5 MPH)
|
| Top of the 5th over - 2 runs, 2 hits, 0 errors, 0 left on base; Texas 6 - Kansas City 3 |
| BOTTOM OF THE 5TH |
|
Kansas City Royals batting - Pitching for Texas Rangers : RHP Tim Leary
|
|
Batting: LHB Gene Richards
|
0-0: Fly out, F8 (Line Drive, 8LD, EV 89.4 MPH)
|
|
Batting: RHB Jeffrey Leonard
|
0-0: Ball 1-0: Called Strike 1-1: Swinging Strike 1-2: Strikes out swinging
|
|
Batting: LHB Alvin Davis
|
0-0: Ground out 6-3 (Groundball, 6, EV 89.4 MPH)
|
| Bottom of the 5th over - 0 runs, 0 hits, 0 errors, 0 left on base; Texas 6 - Kansas City 3 |
| TOP OF THE 6TH |
|
Texas Rangers batting - Pitching for Kansas City Royals : RHP Sandy Wihtol
|
|
Batting: RHB Steve Balboni
|
0-0: Ball 1-0: Ball 2-0: Swinging Strike 2-1: Ball 3-1: Foul Ball, location: 2F 3-2: Strikes out swinging
|
|
Batting: LHB Richie Hebner
|
0-0: Ground out 6-3 (Groundball, 6, EV 85.6 MPH)
|
|
Batting: SHB Ron Roenicke
|
0-0: Swinging Strike 0-1: Ball 1-1: Foul Ball, location: 2F 1-2: Ground out 6-3 (Groundball, 6, EV 106.9 MPH)
|
| Top of the 6th over - 0 runs, 0 hits, 0 errors, 0 left on base; Texas 6 - Kansas City 3 |
| BOTTOM OF THE 6TH |
|
Kansas City Royals batting - Pitching for Texas Rangers : RHP Tim Leary
|
|
Batting: RHB Gary Carter
|
0-0: Foul Ball, location: 2F 0-1: Ball 1-1: SINGLE (Flyball, 6MD, EV 89.4 MPH)
|
|
Batting: RHB Alberto Gonzalez
|
0-0: Ball 1-0: Ball Wild Pitch! Gary Carter to second 2-0: Foul Ball, location: 2F 2-1: Foul Ball, location: 2F 2-2: Ground out 6-3 (Groundball, 6, EV 83.1 MPH)
|
|
Batting: RHB Bob Horner
|
0-0: Ball 1-0: Ground out 6-3 (Groundball, 6, EV 103.1 MPH)
|
|
Batting: LHB Rick Manning
|
0-0: Called Strike 0-1: Foul Ball, location: 2F 0-2: Ball 1-2: Fly out, F9 (Flyball, 9, EV 88.8 MPH)
|
| Bottom of the 6th over - 0 runs, 1 hit, 0 errors, 1 left on base; Texas 6 - Kansas City 3 |
| TOP OF THE 7TH |
|
Texas Rangers batting - Pitching for Kansas City Royals : RHP Sandy Wihtol
|
|
Batting: LHB Ernie Whitt
|
0-0: Ball 1-0: Fly out, F7 (Flyball, 7, EV 87.5 MPH)
|
|
Batting: RHB Juan Samuel
|
0-0: Called Strike 0-1: Foul Ball, location: 2F 0-2: Ball 1-2: SINGLE (Line Drive, 89S, EV 106.3 MPH)
|
|
Batting: LHB Lenny Dykstra
|
0-0: Ball Juan Samuel is caught stealing 2nd base 2-6 1-0: Foul Ball, location: 2F 1-1: Foul Ball, location: 2F 1-2: Ball 2-2: SINGLE (Line Drive, 3L, EV 110.0 MPH)
|
|
Batting: RHB Juan Rodriguez
|
0-0: Ball 1-0: Called Strike 1-1: Swinging Strike 1-2: Ball 2-2: Ground out 4-3 (Groundball, 4, EV 84.4 MPH)
|
| Top of the 7th over - 0 runs, 2 hits, 0 errors, 1 left on base; Texas 6 - Kansas City 3 |
| BOTTOM OF THE 7TH |
|
Kansas City Royals batting - Pitching for Texas Rangers : RHP Tim Leary
|
|
Batting: RHB Charlie O'Brien
|
0-0: Called Strike 0-1: Ground out 5-3 (Groundball, 56, EV 93.8 MPH)
|
|
Batting: LHB Kerry Dineen
|
0-0: Called Strike 0-1: Ball 1-1: Ground out U3 (Groundball, 34S, EV 88.1 MPH)
|
|
Batting: LHB Gene Richards
|
0-0: Ball 1-0: Swinging Strike 1-1: Ball 2-1: Called Strike 2-2: Strikes out swinging
|
| Bottom of the 7th over - 0 runs, 0 hits, 0 errors, 0 left on base; Texas 6 - Kansas City 3 |
| TOP OF THE 8TH |
|
Texas Rangers batting - Pitching for Kansas City Royals : RHP Sandy Wihtol
|
|
Batting: LHB Jody Helser
|
0-0: Called Strike 0-1: Called Strike 0-2: Foul Ball, location: 2F 0-2: Ball 1-2: Foul Ball, location: 2F 1-2: Ball 2-2: Strikes out swinging
|
|
Batting: RHB Steve Garvey
|
0-0: Ball 1-0: Called Strike 1-1: Ball 2-1: Reached on error, E8 (Flyball, 8LM, EV 84.4 MPH)
|
|
Pitching: RHP Joaquin Andujar
|
|
|
Batting: RHB Steve Balboni
|
0-0: Called Strike Steve Garvey steals 2nd base 0-1: Swinging Strike 0-2: Strikes out looking
|
|
Batting: LHB Richie Hebner
|
0-0: Ball Wild Pitch! Steve Garvey to third 1-0: Foul Ball, location: 2F 1-1: Ball 2-1: Fly out, F9 (Flyball, 9, EV 92.5 MPH)
|
| Top of the 8th over - 0 runs, 0 hits, 1 error, 1 left on base; Texas 6 - Kansas City 3 |
| BOTTOM OF THE 8TH |
|
Kansas City Royals batting - Pitching for Texas Rangers : RHP Tim Leary
|
|
Pitching: RHP Michael Heaton
|
|
|
Batting: RHB Jeffrey Leonard
|
0-0: SINGLE (Line Drive, 5D, EV 93.8 MPH)
|
|
Batting: LHB Alvin Davis
|
0-0: Ball 1-0: Ball 2-0: Called Strike 2-1: Ball 3-1: Foul Ball, location: 2F 3-2: Foul Ball, location: 2F 3-2: Strikes out swinging Jeffrey Leonard steals 2nd base Batter strikes out.
|
|
Batting: RHB Gary Carter
|
0-0: Foul Ball, location: 2F 0-1: Fly out, F9 (Flyball, 9LM, EV 101.3 MPH) Runner from 2nd tags up, SAFE at 3rd, no throw by RF
|
|
Batting: RHB Alberto Gonzalez
|
0-0: SINGLE (Flyball, 7LM, EV 91.3 MPH) Jeffrey Leonard scores
|
|
Batting: RHB Bob Horner
|
0-0: Ball 1-0: Fly out, F6 (Popup, 6M, EV 71.3 MPH)
|
| Bottom of the 8th over - 1 run, 2 hits, 0 errors, 1 left on base; Texas 6 - Kansas City 4 |
| TOP OF THE 9TH |
|
Texas Rangers batting - Pitching for Kansas City Royals : RHP Joaquin Andujar
|
|
Batting: SHB Ron Roenicke
|
0-0: Called Strike 0-1: Fly out, F6 (Popup, 6, EV 63.1 MPH)
|
|
Batting: LHB Ernie Whitt
|
0-0: Ball 1-0: Ball 2-0: Called Strike 2-1: SOLO HOME RUN (Flyball, 7LD, EV 107.5 MPH), Distance : 369 ft
|
|
Batting: RHB Juan Samuel
|
0-0: Called Strike 0-1: Ball 1-1: Ball 2-1: Foul Ball, location: 2F 2-2: DOUBLE (Line Drive, 5D, EV 108.8 MPH)
|
|
Batting: LHB Lenny Dykstra
|
0-0: Intentional Walk
|
|
Batting: RHB Juan Rodriguez
|
0-0: Fly out, F8 (Flyball, 8RD, EV 103.8 MPH) Runner from 2nd tags up, OUT at 3rd! 8-5
|
| Top of the 9th over - 1 run, 2 hits, 0 errors, 1 left on base; Texas 7 - Kansas City 4 |
| BOTTOM OF THE 9TH |
|
Kansas City Royals batting - Pitching for Texas Rangers : RHP Michael Heaton
|
|
Batting: LHB Rick Manning
|
0-0: Ball 1-0: Ball 2-0: Ball 3-0: Called Strike 3-1: Foul Ball, location: 2F 3-2: Base on Balls
|
|
Batting: RHB Charlie O'Brien
|
0-0: Ball 1-0: Ball 2-0: Ball 3-0: Called Strike 3-1: Foul Ball, location: 2F 3-2: Strikes out swinging Rick Manning steals 2nd base (no throw) Batter strikes out.
|
|
Batting: LHB Kerry Dineen
|
0-0: Ball 1-0: Ball 2-0: Foul Ball, location: 2F 2-1: Ball 3-1: Called Strike 3-2: Fly out, F8 (Line Drive, 8RM, EV 91.3 MPH)
|
|
Batting: LHB Gene Richards
|
0-0: Ball 1-0: Called Strike 1-1: Ground out 6-3 (Groundball, 6, EV 108.8 MPH)
|
| Bottom of the 9th over - 0 runs, 0 hits, 0 errors, 1 left on base; Texas 7 - Kansas City 4 |
|